AoeStats
← Stanko2026

QS Arena

503497906Analyzed
1v1 RM · 1mo ago on Aug 31, 2026· 55m 56s· 2 players
Game mode
Random Map
Map size
Tiny (2 player)
Population
200
Speed
Normal
Resources
Standard
Victory
Conquest
Starting age
Dark Age
Ending age
Imperial Age
RankedLock teamsTeams togetherTeam positionsShared explorationLock speedFull tech treeHidden civsTurbo modeCheats
Victory
Defeat
🇺🇸 Mapuche · United States
725
+16
🇩🇪 Burgundians · Germany
717
-16
Stanko2026
0:31 Loom
5:25 Horse Collar
6:04 Double-Bit Axe
12:12 Feudal Age
12:10 Gold Mining
12:10 Stone Mining
13:09 Heavy Plow
13:27 Bow Saw
14:37 Gold Shaft Mining
15:09 Stone Shaft Mining
15:55 Arson
21:39 Castle Age
21:14 Stone Shaft Mining
20:59 Man-at-Arms
23:09 Squires
22:29 Pikeman
22:32 Elite Skirmisher
23:05 Fletching
23:16 Padded Archer Armor
22:40 Light Cavalry
23:21 Husbandry
23:36 Guilds
25:43 Burgundian Vineyards
28:28 Crop Rotation
29:11 Bodkin Arrow
29:31 Leather Archer Armor
30:35 Ballistics
30:11 Murder Holes
29:59 Treadmill Crane
31:29 Two-Man Saw
36:30 Imperial Age
38:11 Chemistry
37:01 Arrowslits
36:59 Treadmill Crane
37:34 Fortified Wall
37:03 Halberdier
37:48 Bracer
38:35 Wheelbarrow
37:46 Town Watch
40:11 Conscription
40:58 Hoardings
43:16 Hussar
43:17 Cavalier
seagull warrior
8:35 Feudal Age
9:38 Horse Collar
9:44 Double-Bit Axe
13:34 Castle Age
14:31 Heavy Plow
18:19 Fletching
18:29 Loom
18:55 Elite Skirmisher
20:50 Town Watch
22:29 Bodkin Arrow
23:04 Forging
23:12 Scale Mail Armor
26:25 Ballistics
27:39 Wheelbarrow
28:31 Bow Saw
29:57 Hand Cart
31:03 Chain Mail Armor
31:37 Iron Casting
37:01 Imperial Age
35:10 Arson
37:25 Malon
37:03 Elite Kona
38:04 Conscription
39:01 Blast Furnace
38:30 Elite Bolas Rider
40:01 Plate Mail Armor
39:33 Onager
42:22 Champi Runner
44:33 Champi Warrior
45:18 Padded Archer Armor
45:22 Elite Champi Warrior
47:34 Capped Ram
Connection lost

Rejoining the realm…

Still unreachable

The connection could not be restored.

Session expired

The server has moved on; the page needs a fresh start.